Map: Odyssey LE

Players

Scarlett - Winner!

  • Race: Zerg Zerg
  • Spawn Location: 11:00

TRUE

  • Race: Zerg Zerg
  • Spawn Location: 5:00

Event: WCS Jonkoping 2017

VOD

Have the link to the VOD?

Description

Time

  • Played on: June 17, 2017, 3:07 p.m.
  • Length: 12:13

All games in this series

Show
View Real Time Build Order
Export as new Build Order

Scarlett Zerg - Winner!

Build Orders: Hatch First 

Get SALT Encoding   

  12  0:00  Drone  
  13  0:12  Overlord  
  13  0:17  Drone  
  14  0:30  Drone  
  14  0:31  Drone  
  14  0:34  Drone  
  17  0:51  Hatchery  
  17  0:54  Drone  
  17  0:57  Drone  
  17  1:02  Extractor  
  17  1:12  Spawning Pool  
  17  1:15  Drone  
  17  1:19  Drone  
  18  1:27  Drone  
  19  1:38  Overlord  
  19  1:49  Drone  
  20  1:58  Queen  
  22  2:01  Metabolic Boost  
  22  2:02  Queen  
  22  2:03  Zergling x2  
  22  2:06  Zergling x2  
  26  2:10  Drone  
  26  2:15  Drone  
  28  2:24  Baneling Nest  
  28  2:27  Drone x2  
  29  2:35  Queen  
  31  2:41  Overlord  
  31  2:42  Drone  
  32  2:51  Zergling x2  
  32  2:52  Zergling x2  
  32  2:58  Zergling x4  
  36  3:07  Baneling x3  
  36  3:08  Zergling x8  
  40  3:18  Zergling x8  
  40  3:29  Baneling x2  
  40  3:31  Drone x3  
  41  3:37  Baneling, Spine Crawler  
  41  3:40  Overlord  
  39  3:51  Overlord  
  39  3:58  Extractor  
  39  4:01  Drone x6  
  43  4:18  Drone x5  
  48  4:24  Lair  
  48  4:25  Drone  
  48  4:31  Drone  
  50  4:33  Extractor x2  
  48  4:39  Baneling, Overlord  
  48  4:40  Drone  
  48  4:43  Drone  
  46  4:50  Drone  
  47  4:57  Drone x4  
  47  4:58  Overlord  
  51  5:01  Hatchery  
  51  5:06  Overlord  
  50  5:12  Zergling x4  
  52  5:18  Zergling x2  
  53  5:24  Spire  
  53  5:25  Overseer  
  53  5:27  Zergling x12  
  58  5:36  Drone  
  58  5:37  Drone x2  
  61  5:43  Overlord  
  61  5:52  Overlord  
  61  6:02  Baneling  
  60  6:08  Drone, Overlord  
  60  6:09  Drone x4  
  64  6:33  Extractor  
  64  6:34  Overlord x2  
  64  6:35  Extractor  
  64  6:37  Mutalisk x9  
  79  6:49  Mutalisk x2  
  79  6:52  Baneling  
  79  6:53  Zergling x8  
  80  7:01  Mutalisk  
  80  7:02  Zergling x8  
  80  7:03  Queen x2  
  70  7:15  Drone x3  
  69  7:21  Zerg Flyer Weapons Level 1  
  69  7:24  Drone  
  69  7:25  Drone x3  
  73  7:40  Overlord  
  73  7:41  Drone x4  
  73  7:43  Mutalisk  
  76  8:00  Mutalisk x2  
  76  8:04  Drone x6  
  83  8:10  Mutalisk  
  83  8:12  Zergling x6  
  86  8:20  Mutalisk  
  86  8:22  Zergling x6  
  91  8:27  Drone  
  91  8:28  Drone x2  
  94  8:36  Queen  
  94  8:41  Zergling x8  
  91  8:51  Drone x5  
  95  9:08  Mutalisk x3  
  101  9:14  Mutalisk x2  
  101  9:16  Zerg Flyer Armor Level 1  
  104  9:21  Mutalisk  
  105  9:24  Zergling x2  
  105  9:25  Zergling x6  
  109  9:36  Mutalisk x2  
  113  9:39  Zergling x2  
  113  9:40  Zergling x6  
  117  9:46  Mutalisk x2  
  118  10:03  Drone x3  
  120  10:08  Overlord x4  
  120  10:15  Baneling  
  120  10:19  Overlord  
  120  10:20  Mutalisk  
  120  10:30  Mutalisk x4  
  128  10:37  Mutalisk x2  
  132  10:43  Mutalisk  
  132  10:45  Zergling x8  
  138  10:56  Mutalisk x3  
  143  11:09  Mutalisk x2  
  145  11:13  Zergling x16  
  147  11:28  Mutalisk x3  
  133  11:34  Mutalisk  
  129  11:41  Mutalisk  
  129  11:44  Zergling x16  
Show
View Real Time Build Order
Export as new Build Order

TRUE Zerg 

Build Orders: Pool First, Zergling Baneling 

Get SALT Encoding   

  12  0:00  Drone  
  13  0:12  Overlord  
  13  0:16  Drone  
  14  0:30  Drone x2  
  14  0:34  Drone  
  17  0:36  Extractor  
  16  0:46  Spawning Pool  
  16  0:49  Drone  
  16  0:56  Drone  
  17  1:17  Hatchery  
  16  1:29  Drone  
  17  1:33  Queen  
  17  1:39  Metabolic Boost  
  19  1:44  Zergling x2  
  20  1:48  Zergling x2  
  21  1:56  Baneling Nest  
  21  1:59  Zergling x2  
  21  2:06  Overlord  
  21  2:13  Zergling x2  
  22  2:24  Zergling x2  
  22  2:27  Zergling x2  
  22  2:29  Zergling x2  
  25  2:38  Zergling x2  
  25  2:41  Zergling x2  
  25  2:44  Zergling x4  
  28  2:45  Zergling x2  
  28  2:51  Zergling x4  
  32  3:04  Baneling x3  
  32  3:05  Baneling, Zergling x2  
  33  3:06  Zergling x2  
  33  3:12  Zergling x2  
  35  3:14  Zergling x2  
  33  3:30  Drone x3  
  33  3:31  Drone  
  33  3:33  Drone  
  36  3:39  Baneling x4  
  36  3:44  Overlord  
  36  3:52  Overlord  
  36  3:57  Overlord  
  35  4:04  Drone x2  
  35  4:06  Drone  
  37  4:10  Drone  
  37  4:18  Drone  
  37  4:20  Drone  
  37  4:23  Baneling x2  
  39  4:26  Queen  
  39  4:27  Drone  
  41  4:32  Drone  
  41  4:37  Drone  
  43  4:42  Drone x3  
  43  4:45  Drone  
  46  4:48  Drone  
  46  4:52  Lair  
  47  4:55  Overlord  
  47  4:58  Extractor  
  46  5:00  Zergling x2  
  46  5:01  Baneling  
  46  5:03  Queen  
  46  5:04  Extractor  
  46  5:06  Zergling x2  
  49  5:09  Zergling x2  
  50  5:15  Drone x3  
  50  5:19  Drone  
  54  5:22  Drone  
  55  5:28  Drone  
  55  5:30  Extractor  
  55  5:32  Drone  
  55  5:35  Zergling x4  
  58  5:36  Drone  
  58  5:40  Drone x2  
  58  5:41  Unknown, Drone  
  61  5:45  Baneling  
  61  5:46  Baneling  
  61  5:52  Spire  
  61  5:53  Hatchery  
  59  5:59  Baneling x2  
  58  6:04  Zergling x6  
  58  6:05  Zergling x2  
  58  6:07  Zergling x2  
  64  6:11  Zergling x6  
  64  6:12  Baneling x2  
  64  6:13  Zergling x2  
  64  6:14  Zergling x2  
  67  6:20  Overlord x2  
  66  6:37  Zergling x2  
  66  6:38  Baneling  
  66  6:39  Baneling x3  
  67  6:40  Zergling x8  
  70  6:47  Zergling x6  
  70  6:49  Baneling  
  70  6:51  Zergling x2  
  73  7:00  Zergling x2  
  68  7:04  Zergling x2  
  68  7:05  Zerg Flyer Armor Level 1  
  60  7:14  Drone x2  
  61  7:16  Spore Crawler  
  61  7:18  Spore Crawler  
  59  7:23  Mutalisk x4  
  59  7:27  Mutalisk  
  69  7:30  Mutalisk  
  69  7:33  Mutalisk  
  73  7:37  Overlord  
  73  7:40  Overlord  
  73  7:48  Overlord  
  73  7:50  Overlord  
  72  7:54  Overlord x2  
  72  7:56  Overlord  
  70  7:58  Mutalisk, Overlord  
  70  8:01  Drone  
  70  8:03  Mutalisk  
  73  8:08  Mutalisk  
  73  8:11  Drone x2  
  76  8:15  Mutalisk  
  78  8:22  Drone x3  
  78  8:23  Drone  
  78  8:25  Mutalisk  
  84  8:34  Mutalisk  
  83  8:42  Drone x6  
  83  8:44  Extractor  
  83  8:45  Mutalisk  
  83  8:46  Extractor  
  88  8:56  Drone x4  
  88  8:59  Zergling x4, Zerg Flyer Weapons Level 1  
  94  9:03  Mutalisk  
  94  9:08  Zergling x6  
  99  9:11  Spore Crawler  
  99  9:14  Mutalisk  
  99  9:18  Mutalisk  
  99  9:24  Mutalisk, Overlord  
  103  9:34  Overlord  
  101  9:40  Overlord  
  101  9:42  Mutalisk  
  99  9:45  Mutalisk  
  99  9:47  Overlord  
  99  9:50  Mutalisk  
  103  9:59  Mutalisk  
  101  10:04  Mutalisk  
  101  10:05  Zergling x16  
  109  10:13  Mutalisk  
  111  10:17  Zergling x8  
  115  10:24  Mutalisk  
  115  10:26  Mutalisk  
  119  10:31  Mutalisk  
  121  10:36  Zergling x2  
  121  10:37  Mutalisk  
  121  10:40  Overlord  
  124  10:42  Overlord  
  124  10:44  Overlord  
  124  10:48  Mutalisk  
  126  10:51  Mutalisk  
  126  10:55  Mutalisk  
  130  11:02  Mutalisk  
  131  11:05  Zergling x8  
  131  11:10  Mutalisk  
  137  11:16  Mutalisk  
  139  11:22  Mutalisk  
  133  11:28  Mutalisk  
  97  11:34  Mutalisk  
  74  11:41  Zergling x20  
  74  11:45  Mutalisk  
Tags
 
Add a new tag
Caveats
  • Supply blocks, unpowered buildings, or Contaminate may cause inaccurate times.
  • Supply counts are checked every 10 seconds.